AoeStats
← HD_Daniel

African Clearing

505577677Analyzed
4v4 RM · 22d ago on Sep 10, 2026· 41m 39s· 8 players
Game mode
Random Map
Map size
Large (8 player)
Population
200
Speed
Normal
Resources
Standard
Victory
Conquest
Starting age
Dark Age
Ending age
Imperial Age
RankedLock teamsTeams togetherTeam positionsShared explorationLock speedFull tech treeHidden civsTurbo modeCheats
Victory
Defeat
🇲🇽 Malians · Mexico
1429
+14
🇲🇽 Berbers · Mexico
1410
+15
🇲🇽 Magyars · Mexico
1383
+16
🇲🇽 Koreans · Mexico
1368
+17
🇨🇳 Japanese · China
1446
-17
🇦🇷 Burgundians · Argentina
1400
-16
🇨🇴 Berbers · Colombia
1381
-15
🇦🇷 Mongols · Argentina
1341
-14
maRts
11:55 Feudal Age
11:41 Loom
13:11 Double-Bit Axe
20:07 Castle Age
19:47 Fletching
19:57 Padded Archer Armor
20:09 Bloodlines
21:58 Bodkin Arrow
36:54 Wheelbarrow
ValkriaN
3:32 Loom
9:11 Double-Bit Axe
14:17 Feudal Age
14:21 Feudal Age
18:39 Castle Age
17:05 Bow Saw
21:29 Wheelbarrow
20:46 Horse Collar
23:40 Hand Cart
23:47 Stone Mining
26:43 Stone Shaft Mining
26:52 Heavy Plow
27:15 Forging
30:55 Scale Barding Armor
30:48 Gold Mining
34:17 Imperial Age
32:15 Scale Barding Armor
33:47 Gold Shaft Mining
33:37 Husbandry
34:15 Iron Casting
35:38 Conscription
红黑EX
8:16 Loom
MLP SEBAS2994
4:34 Loom
12:15 Feudal Age
16:37 Castle Age
15:23 Double-Bit Axe
17:36 Bow Saw
20:56 Town Watch
26:40 Fletching
27:20 Bodkin Arrow
27:39 Padded Archer Armor
29:05 Horse Collar
32:10 Imperial Age
30:02 Bloodlines
30:48 Wheelbarrow
30:56 Leather Archer Armor
31:18 Husbandry
32:07 Ballistics
32:01 Gold Mining
32:01 Stone Mining
33:06 Hand Cart
32:57 Bracer
34:00 Chemistry
34:25 Ring Archer Armor
34:30 Conscription
36:24 Maghrebi Camels
36:13 Elite Camel Archer
38:39 Kasbah
chentever.twitch
4:54 Loom
6:58 Loom
12:59 Feudal Age
17:18 Castle Age
15:31 Double-Bit Axe
16:33 Fletching
36:25 Bodkin Arrow
42:04 Imperial Age
40:51 Horse Collar
41:23 Bow Saw
41:10 Gold Mining
42:00 Heavy Plow
GEN0S
11:55 Feudal Age
12:39 Double-Bit Axe
17:33 Wheelbarrow
21:58 Castle Age
20:45 Horse Collar
21:22 Scale Barding Armor
22:06 Bloodlines
23:29 Gold Mining
24:48 Heavy Plow
27:07 Husbandry
31:24 Fletching
34:27 Chain Barding Armor
36:19 Hand Cart
40:17 Imperial Age
39:34 Gold Shaft Mining
38:45 Loom
41:41 Bodkin Arrow
41:47 Padded Archer Armor
HD_Daniel
6:51 Loom
13:03 Feudal Age
16:52 Castle Age
14:44 Double-Bit Axe
18:08 Bow Saw
17:56 Gold Mining
17:49 Horse Collar
27:13 Wheelbarrow
26:39 Town Watch
27:22 Gold Mining
31:35 Imperial Age
29:26 Stone Mining
29:55 Scale Barding Armor
30:15 Bloodlines
30:06 Husbandry
30:25 Forging
30:17 Heavy Plow
31:28 Chain Barding Armor
31:37 Hand Cart
31:48 Cavalier
33:05 Plate Barding Armor
33:24 Conscription
33:06 Farimba
35:47 Iron Casting
37:03 Town Patrol
37:54 Gold Shaft Mining
39:24 Chemistry
39:28 Crop Rotation
39:48 Elite Gbeto
40:19 Fletching
41:03 Man-at-Arms
41:44 Squires
41:46 Scale Mail Armor
Koatlistak
3:49 Loom
13:29 Feudal Age
14:07 Double-Bit Axe
14:13 Town Watch
19:59 Castle Age
19:29 Fletching
21:03 Bow Saw
23:45 Horse Collar
27:56 Heavy Plow
28:47 Bodkin Arrow
30:59 Wheelbarrow
32:45 Padded Archer Armor
33:21 Gold Mining
34:25 Leather Archer Armor
34:55 Ballistics
36:48 Gold Shaft Mining
36:59 Kasbah
37:21 Stone Mining
41:02 Imperial Age
39:26 Stone Shaft Mining
40:07 Hand Cart
41:25 Elite Camel Archer
42:26 Conscription
42:08 Bracer
42:39 Ring Archer Armor
Connection lost

Rejoining the realm…

Still unreachable

The connection could not be restored.

Session expired

The server has moved on; the page needs a fresh start.